 Dungeon Crawl Stone Soup version 0.31.0-12-g77e489cdc1 (webtiles) character file.

Game seed: 9499847893151308073

54119 hawla the Fencer (level 14, -3/144 HPs)
             Began as a Minotaur Fighter on Mar 6, 2024.
             Was a Follower of Yredelemnul.
             Killed from afar by a starcursed mass (7 damage)
             ... with an accursed screaming
             ... on level 1 of the Abyss.
             The game lasted 00:56:27 (19872 turns).

hawla the Fencer (Minotaur Fighter)                Turns: 19872, Time: 00:56:27

Health: -3/144     AC: 27    Str: 18    XL:     14   Next: 33%
Magic:  20/20      EV:  2    Int:  8    God:    Yredelemnul [*.....]
Gold:   1526       SH:  0    Dex: 18    Spells: 13/13 levels left

rFire   . . .        U - +10 triple sword "Afrekuig" {spect, Int+3}
rCold   . . .        (shield currently unavailable)
rNeg    + . .        c - melded +2 chain mail of Xaniomum {Str+2 Dex+3 Stlth-}
rPois   +            T - melded +2 hat
rElec   .            A - melded +2 cloak
rCorr   .            r - melded +1 pair of gloves
SInv    .            R - melded +2 pair of boots {Fly}
Will    ++...        f - amulet of reflection
Stlth   +            q - +6 ring of dexterity
HPRegen 0.44/turn    I - ring of positive energy
MPRegen 0.17/turn

%: reflection
@: confused, tree-form, ambrosia-drunk, enlightened
A: stationary, stasis, torment immunity, boosted hp, (horns 2), (retaliatory
headbutt), robust 1, [clumsy 2], [frail 2], [weak 1], [no potion heal 1]
a: Renounce Religion, Recall Undead Harvest


You were on level 1 of the Abyss.
You worshipped Yredelemnul.
Yredelemnul was aware of your devotion.
You were a tree.
You visited 4 branches of the dungeon, and saw 21 of its levels.
You visited the Abyss 1 time.
You also visited: Ossuary.

You collected 1526 gold pieces.

Inventory:

Hand Weapons
 m - the +6 rapier "Budita" {antimagic, rPois Will+}
   (You acquired it on level 9 of the Dungeon)

   rPois:     It protects you from poison Will+: It increases your willpower.
 S - a +3 great sword of flaming
 U - the +10 triple sword "Afrekuig" (weapon) {spect, Int+3}
   (You found it on level 7 of the Dungeon)

   Int+3:     It affects your intelligence (+3).
Missiles
 a - 4 throwing nets
 j - 18 poisoned darts (quivered)
 o - 4 atropa-tipped darts
Armour
 c - the +2 chain mail of Xaniomum (melded) {Str+2 Dex+3 Stlth-}
   (You found it on level 9 of the Dungeon)

   Str+2:     It affects your strength (+2).
   Dex+3:     It affects your dexterity (+3).
   Stlth-:    It makes you less stealthy.
 r - a +1 pair of gloves (melded)
 A - a +2 cloak (melded)
 J - a +0 kite shield
 R - a +2 pair of boots of flying (melded)
 T - a +2 hat (melded)
Jewellery
 b - an amulet of the acrobat
 f - an amulet of reflection (around neck)
 p - a +4 ring of slaying
 q - a +6 ring of dexterity (left branch)
 s - a ring of resist corrosion
 w - the ring of Xom's Malicious Joy {Ice Str+3 Int+4 SInv}
   (You found it on level 13 of the Dungeon)

   [ring of ice]

   Ice:       It enhances your ice magic.
   Str+3:     It affects your strength (+3).
   Int+4:     It affects your intelligence (+4).
   rF-:       It makes you vulnerable to fire.
   rC+:       It protects you from cold.
   SInv:      It lets you see invisible.
 x - an amulet of guardian spirit
 E - a +4 ring of protection
 F - a +6 ring of dexterity
 I - a ring of positive energy (right branch)
Wands
 u - a wand of roots (16)
 y - a wand of flame (16)
 N - a wand of digging (4)
Scrolls
 h - 2 scrolls of blinking
 i - 3 scrolls of fog
 k - a scroll of fear
 l - 7 scrolls of teleportation
 G - a scroll of torment
 H - a scroll of revelation
 L - 2 scrolls of vulnerability
 M - 3 scrolls of poison
 O - a scroll of silence
 Q - 2 scrolls of identify
Potions
 d - 4 potions of might
 e - 6 potions of curing
 n - 3 potions of haste
 t - a potion of attraction
 z - a potion of ambrosia
 B - a potion of berserk rage {unknown}
 C - 6 potions of enlightenment
 P - a potion of cancellation {unknown}
 X - a potion of invisibility {unknown}
 Z - a potion of resistance {unknown}


   Skills:
 - Level 5.0 Fighting
 - Level 13.9(16.6) Short Blades
 + Level 16.2(18.6) Long Blades
 - Level 6.0 Throwing
 - Level 10.0 Armour
 - Level 6.0 Dodging
 - Level 10.0 Shields
 - Level 10.0 Invocations
 + Level 3.7 Evocations


You had 13 spell levels left.
You didn't know any spells.
Your spell library was empty.

Dungeon Overview and Level Annotations

Branches:
Dungeon (13/15)            Temple (1/1) D:5            Lair (5/5) D:11
  Swamp (0/4) Lair:3        Snake (0/4) Lair:3          Orc (2/2) D:9
    Elf (0/3) Orc:2        Vaults (0/5) D:13        Ossuary (visited)
  Slime: Lair:4-5

Altars:
Ashenzari
Cheibriados
Dithmenos
Elyvilon
Fedhas
Gozag
Hepliaklqana
Kikubaaqudgha
Makhleb
Nemelex Xobeh
Okawaru
Qazlal
Ru
Sif Muna
Trog
Uskayaw
Vehumet
Wu Jian
Xom
Yredelemnul
Zin
The Shining One

Shops:
D:10 :

Annotations:
D:7 dig the sword


Innate Abilities, Weirdness & Mutations

You are a tree.
Your roots penetrate the ground, keeping you stationary.
You cannot be teleported.
You are immune to unholy pain and torment.
Your maximum health is greatly increased.
Your equipment is partially melded.
((You have a pair of horns on your head.))
((You reflexively headbutt those who attack you in melee.))
You are robust. (+10% HP)
[You are very clumsy. (Dex -4)]
[You are very frail. (-20% HP)]
[You are weak. (Str -2)]
[Potions are less effective at restoring your health.]


Message History

The roots erupt in riotous growth!
Roots grab the starcursed mass.
The grasping roots constrict the starcursed mass, but do no damage.
Your spectral quasit bites the starcursed mass but does no damage.
Your spectral quasit claws the starcursed mass but does no damage. x2
Your raiju zombie bites the starcursed mass but does no damage.
Your spectral quasit bites the starcursed mass.
The starcursed mass shudders and is absorbed by its neighbour.
A chorus of shrieks assaults your mind.
* * * LOW HITPOINT WARNING * * *
The starcursed mass touches your spectral quasit!
Your spectral quasit is destroyed!
Press: ? - help, v - describe, . - travel
Here: a starcursed mass (moderately damaged, constricted by roots, ally target)
The floor.
There are monsters nearby!
It was a potion of ambrosia.
You are confused.
Your system partially rejects the healing.
You feel invigorated.
The grasping roots constrict the starcursed mass!
A starcursed mass splits.
A chorus of shrieks assaults your mind.
* * * LOW HITPOINT WARNING * * *
The grasping roots constrict the starcursed mass.
The roots release their grip on the starcursed mass.
The starcursed mass shudders and is absorbed by its neighbour.
A small abomination comes into view.
Your raiju zombie bites the starcursed mass.
A starcursed mass splits. x2
A chorus of shrieks assaults your mind.
* * * LOW HITPOINT WARNING * * *
Your raiju zombie bites the starcursed mass.
The starcursed mass shudders and is absorbed by its neighbour.
A chorus of shrieks assaults your mind.
* * * LOW HITPOINT WARNING * * *
Your raiju zombie bites the starcursed mass.
A chorus of shrieks assaults your mind.
You die...
Your body rises from the dead as a mindless zombie.

#. #. . #.#.#
#. .#.... .# ..
... .# ......#
#. # #......
.##.#
.#.....#... .#
.....##.x###..#
#.....♣...## #
##.#..#..##..#
###
#..#...#...# .#
. .##X.....# ##
.. # .X###Z.##
# # .#
###X.#.....
#.##.##### # .
. ##.# ## ##
#.#


You could see 3 starcursed masses, a small abomination and a friendly raiju
zombie.

Vanquished Creatures
  Gastronok (Lair:2)
  Snorg (D:10)
  Josephine (Lair:4)
  Fannar (Lair:1)
  An ogre mage (D:13)
  Harold (D:10)
  3 hydras
  4 vault guards (D:13)
  3 centaur warriors (D:13)
  A catoblepas (Lair:3)
  2 two-headed ogres
  A thrashing horror (Abyss:1)
  2 skysharks
  3 wretched stars (Abyss:1)
  An arcanist (D:13)
  A deep elf archer (D:13)
  3 orc knights
  A deep elf pyromancer (D:12)
  A large abomination (Abyss:1)
  An ugly thing (D:12)
  A manticore (D:12)
  4 starcursed masses (Abyss:1)
  An orc sorcerer (Orc:1)
  A cyclops (D:11)
  A salamander (Lair:3)
  2 black mambas
  2 kobold blastminers (Orc:1)
  4 cane toads
  A kobold demonologist (D:12)
  3 komodo dragons
  An ancient zyme (Abyss:1)
  Psyche (D:8)
  2 trolls
  2 polar bears
  2 hornets
  3 raiju (Abyss:1)
  12 blink frogs
  5 wraiths
  Sigmund (D:4)
  A shadow (D:13)
  40 yaks
  A ynoxinul (Abyss:1)
  6 wyverns
  A fire elemental (Lair:1)
  2 humans (D:13)
  3 wargs
  5 basilisks
  Edmund (D:5)
  3 steam dragons
  Menkaure (D:7)
  11 water moccasins
  9 orc warriors
  An ice beast (D:5)
  2 laughing skulls (D:13)
  A sky beast (D:8)
  5 black bears
  5 ogres
  2 small abominations (Abyss:1)
  7 wolves
  7 centaurs
  A weeping skull (Abyss:1)
  Blork the orc (D:5)
  15 bullfrogs
  A kobold brigand (D:10)
  3 elf skeletons (D:6)
  2 gnoll sergeants (D:7)
  2 scorpions
  10 wights
  2 killer bees (D:10)
  8 howler monkeys
  An electric eel (Lair:1)
  4 lava snakes
  A quasit (Abyss:1)
  5 hounds
  2 sleepcaps
  Crazy Yiuf (D:3)
  7 orc priests
  2 jellies (D:6)
  Jessica (D:2)
  Ijyb (D:3)
  15 orc wizards
  5 iguanas
  8 mummies (Ossuary)
  Robin (D:3)
  8 gnolls
  7 adders
  A white imp (D:8)
  4 ufetubi
  4 dart slugs
  4 ribbon worms
  45 orcs
  10 ball pythons
  3 bats
  7 endoplasms
  4 giant cockroaches
  A gnoll zombie (Ossuary)
  10 goblins
  10 hobgoblins
  4 jackals (D:3)
  6 quokkas
  4 frilled lizards
  2 hobgoblin zombies (Ossuary)
  16 kobolds
  2 kobold zombies (Ossuary)
  2 orc skeletons (D:6)
  4 orc zombies
  6 rats
459 creatures vanquished.

Vanquished Creatures (collateral kills)
  A hydra (Lair:3)
  A centaur warrior (D:13)
  A lindwurm (Lair:3)
  A kobold blastminer (Orc:2)
  2 elephants (Lair:2)
  3 cane toads
  Maggie (D:9)
  A komodo dragon (Lair:2)
  3 blink frogs (Lair:3)
  A wraith (Lair:4)
  A basilisk (Lair:2)
  5 yaks
  3 water moccasins
  2 orc warriors
  4 wolves (Lair:2)
  4 bullfrogs
  A wight (D:9)
  A killer bee (D:10)
  A lava snake (Lair:3)
  A gnoll bouda (D:10)
  4 orc wizards
  9 orcs
  2 kobolds (D:10)
53 creatures vanquished.

Vanquished Creatures (others)
  A catoblepas zombie (Lair:3)
  A spectral elephant (Orc:1)
  3 human zombies (D:13)
  A cane toad zombie (Lair:3)
  2 blink frog zombies (Lair:3)
  A water moccasin zombie (Lair:3)
  3 yak zombies
  A raiju zombie (Abyss:1)
  2 wolf zombies (Lair:2)
  6 bullfrog zombies
  3 centaur zombies
  A killer bee zombie (D:10)
  An ogre zombie (Orc:1)
  A spectral quasit (Abyss:1)
  2 howler monkey zombies
  A gnoll zombie (D:7)
  An iguana zombie (Lair:3)
  2 orcs (Orc:1)
  A kobold zombie (D:10)
  17 orc zombies
  A spectral ufetubus (D:7)
52 creatures vanquished.

Grand Total: 564 creatures vanquished

Notes
Turn   | Place    | Note
-------+----------+-------------------------------------------
     0 | D:1      | hawla the Minotaur Fighter began the quest for the Orb.
     0 | D:1      | Reached XP level 1. HP: 19/19 MP: 0/0
   312 | D:1      | Reached XP level 2. HP: 28/28 MP: 1/1
   572 | D:1      | Reached skill level 5 in Fighting
   716 | D:1      | Reached XP level 3. HP: 36/36 MP: 2/2
  1029 | D:2      | Noticed Jessica
  1038 | D:2      | Killed Jessica
  1039 | D:2      | Reached XP level 4. HP: 37/42 MP: 3/3
  1133 | D:2      | Reached skill level 5 in Shields
  1549 | D:3      | Reached skill level 1 in Throwing
  1574 | D:3      | Noticed Robin
  1584 | D:3      | Killed Robin
  1866 | D:3      | Reached XP level 5. HP: 48/48 MP: 4/4
  2105 | D:3      | Noticed Ijyb
  2113 | D:3      | Killed Ijyb
  2309 | D:3      | Found a runed translucent door.
  2310 | D:3      | Noticed Crazy Yiuf
  2441 | D:3      | Killed Crazy Yiuf
  2585 | D:4      | Noticed an ogre
  2596 | D:4      | Killed an ogre
  2597 | D:4      | Reached XP level 6. HP: 28/56 MP: 5/5
  2725 | D:4      | Reached skill level 5 in Throwing
  3017 | D:4      | Noticed Sigmund
  3036 | D:4      | Killed Sigmund
  3037 | D:4      | Reached XP level 7. HP: 50/61 MP: 6/6
  3111 | D:4      | Found a glowing golden altar of the Shining One.
  3180 | D:4      | Reached skill level 1 in Dodging
  3892 | D:5      | Entered Level 5 of the Dungeon
  3971 | D:5      | Found an ancient bone altar of Kikubaaqudgha.
  4224 | D:5      | Reached XP level 8. HP: 43/68 MP: 7/7
  4371 | D:5      | Found a staircase to the Ecumenical Temple.
  4419 | Temple   | Entered the Ecumenical Temple
  4448 | Temple   | Became a worshipper of Yredelemnul the Dark
  4550 | D:5      | You fall into a shaft and drop 2 floors!
  4555 | D:7      | Reached skill level 5 in Dodging
  4571 | D:6      | Reached skill level 1 in Short Blades
  4788 | D:6      | Found a sand-covered staircase.
  4796 | Ossuary  | Entered an ossuary
  5210 | D:5      | Noticed Blork the orc
  5210 | D:5      | Noticed Edmund
  5215 | D:5      | Killed Blork the orc
  5216 | D:5      | Reached skill level 5 in Short Blades
  5220 | D:5      | Killed Edmund
  5509 | D:6      | Found an opulent altar of Gozag.
  5573 | D:6      | Reached XP level 9. HP: 72/74 MP: 8/8
  5574 | D:6      | Reached * piety under Yredelemnul
  6033 | D:6      | Found a snail-covered altar of Cheibriados.
  6370 | D:6      | Reached ** piety under Yredelemnul
  6868 | D:7      | Reached *** piety under Yredelemnul
  6884 | D:7      | Noticed Menkaure
  6890 | D:7      | Killed Menkaure
  6980 | D:7      | Found a hide-covered altar of Uskayaw.
  7028 | D:7      | Found a shimmering blue altar of Sif Muna.
  7029 | D:7      | Found a sparkling altar of Nemelex Xobeh.
  7067 | D:7      | Reached skill level 5 in Armour
  7495 | D:8      | Noticed Psyche
  7505 | D:8      | Killed Psyche
  7506 | D:8      | Reached XP level 10. HP: 78/81 MP: 9/9
  7890 | D:8      | Found an ornate altar of the Wu Jian Council.
  7890 | D:8      | Found a blossoming altar of Fedhas.
  8100 | D:8      | Identified a scroll of acquirement
  8105 | D:8      | Gained mutation: You have large cloven feet. [potion of
                  | mutation]
  8105 | D:8      | Gained mutation: You have hidden genetic defects. [potion
                  | of mutation]
  8105 | D:8      | Gained mutation: Your flesh is cold resistant. (rC+)
                  | [potion of mutation]
  8106 | D:8      | Lost mutation: You have hidden genetic defects. [potion of
                  | mutation]
  8106 | D:8      | Lost mutation: You have large cloven feet. [potion of
                  | mutation]
  8106 | D:8      | Lost mutation: Your flesh is cold resistant. (rC+) [potion
                  | of mutation]
  8106 | D:8      | Gained mutation: You are robust. (+10% HP) [potion of
                  | mutation]
  8106 | D:8      | Gained mutation: You are strong-willed. (Will+) [potion of
                  | mutation]
  8106 | D:8      | Gained mutation: You expend magic power (3 MP) to
                  | strengthen your wands. [potion of mutation]
  8106 | D:8      | Gained mutation: You are agile. (Dex +4, Str/Int -1)
                  | [potion of mutation]
  8204 | D:9      | Identified the +2 chain mail of Xaniomum {Str+2 Dex+3
                  | Stlth-}
  8295 | D:9      | Reached skill level 10 in Armour
  8455 | D:9      | Found a burning altar of Makhleb.
  8463 | D:9      | Noticed Maggie
  8480 | D:9      | Killed Maggie
  8680 | D:9      | Reached **** piety under Yredelemnul
  8695 | D:9      | Reached ***** piety under Yredelemnul
  8843 | D:9      | Found a staircase to the Orcish Mines.
  9069 | D:9      | Acquired the +6 rapier "Budita" {antimagic, rPois Will+}
  9455 | D:10     | Entered Level 10 of the Dungeon
  9466 | D:10     | Noticed a two-headed ogre
  9475 | D:10     | Killed a two-headed ogre
  9597 | D:10     | Noticed Harold
  9607 | D:10     | Killed Harold
  9608 | D:10     | Reached skill level 10 in Shields
  9608 | D:10     | Reached XP level 11. HP: 76/94 MP: 3/11
  9792 | D:10     | Noticed Snorg
  9809 | D:10     | Killed Snorg
  9810 | D:10     | Reached skill level 5 in Invocations
 10022 | D:10     | Found Wuschyodo's Tremendous Tomes.
 10305 | D:11     | Found a staircase to the Lair.
 10353 | D:11     | Identified the +0 plate armour of Tiseh {rCorr Str-2 Slay+5
                  | Stlth+}
 10754 | D:11     | Noticed a two-headed ogre
 10762 | D:11     | Killed a two-headed ogre
 10913 | D:12     | Found an iron altar of Okawaru.
 11249 | D:12     | Noticed a purple ugly thing
 11265 | D:12     | Killed a purple ugly thing
 11279 | D:12     | Noticed a six-headed hydra
 11289 | D:12     | Killed a six-headed hydra
 11623 | D:12     | Noticed a deep elf pyromancer
 11632 | D:12     | Killed a deep elf pyromancer
 11633 | D:12     | Reached skill level 10 in Invocations
 11633 | D:12     | Reached skill level 10 in Short Blades
 11633 | D:12     | Reached XP level 12. HP: 49/103 MP: 6/18
 11865 | D:13     | Noticed a centaur warrior
 11872 | D:13     | Killed a centaur warrior
 11885 | D:13     | Noticed a centaur warrior
 11891 | D:13     | Killed a centaur warrior
 12004 | D:13     | Identified the ring of Xom's Malicious Joy {Ice Str+3 Int+4
                  | SInv}
 12057 | D:13     | Noticed a vault guard
 12072 | D:13     | Killed a vault guard
 12152 | D:13     | Noticed a vault guard
 12156 | D:13     | Noticed an ogre mage
 12166 | D:13     | Killed a vault guard
 12179 | D:13     | Killed an ogre mage
 12210 | D:13     | Found a gate to the Vaults.
 12210 | D:13     | Noticed a vault guard
 12228 | D:13     | Killed a vault guard
 12398 | D:13     | Noticed a vault guard
 12494 | D:13     | Noticed a centaur warrior
 12496 | D:13     | Killed a centaur warrior
 12709 | D:13     | Killed a vault guard
 12856 | D:13     | Noticed a centaur warrior
 12863 | D:13     | Killed a centaur warrior
 12957 | D:13     | Reached skill level 3 in Long Blades
 13210 | Lair:1   | Entered Level 1 of the Lair of Beasts
 13320 | Lair:1   | Reached skill level 4 in Long Blades
 13365 | Lair:1   | Reached skill level 5 in Long Blades
 13676 | Lair:1   | Reached skill level 6 in Long Blades
 13742 | Lair:1   | Noticed Fannar
 13750 | Lair:1   | Killed Fannar
 13751 | Lair:1   | Reached XP level 13. HP: 84/110 MP: 19/19
 13760 | Lair:1   | Reached skill level 7 in Long Blades
 13970 | Lair:1   | Reached ****** piety under Yredelemnul
 14362 | Lair:2   | Noticed Gastronok
 14374 | Lair:2   | Killed Gastronok
 14375 | Lair:2   | Reached skill level 8 in Long Blades
 14600 | Lair:2   | Reached skill level 9 in Long Blades
 14889 | Lair:2   | Reached skill level 10 in Long Blades
 15774 | Lair:3   | Found a staircase to the Swamp.
 15786 | Lair:3   | Reached skill level 11 in Long Blades
 15957 | Lair:3   | Reached skill level 12 in Long Blades
 16273 | Lair:3   | Reached skill level 13 in Long Blades
 16436 | Lair:3   | Found a staircase to the Snake Pit.
 17349 | Lair:4   | Noticed Josephine
 17358 | Lair:4   | Killed Josephine
 17367 | Lair:4   | Reached skill level 14 in Long Blades
 17750 | Lair:4   | You are sucked into a shaft and drop 1 floor!
 17750 | Lair:5   | Entered Level 5 of the Lair of Beasts
 17929 | Lair:4   | Reached XP level 14. HP: 101/117 MP: 20/20
 18515 | D:7      | Identified the +10 triple sword "Afrekuig" {spect, Int+3}
 18863 | Orc:1    | Entered Level 1 of the Orcish Mines
 19032 | Orc:2    | Entered Level 2 of the Orcish Mines
 19032 | Orc:2    | Found a staircase to the Elven Halls.
 19052 | Orc:2    | Reached skill level 15 in Long Blades
 19278 | Abyss:1  | Cast into level 1 of the Abyss (orc warrior)
 19348 | Abyss:1  | Found a corrupted altar of Lugonu.
 19508 | Abyss:1  | Lost mutation: You expend magic power (3 MP) to strengthen
                  | your wands. [potion of mutation]
 19508 | Abyss:1  | Lost mutation: You are strong-willed. (Will+) [potion of
                  | mutation]
 19508 | Abyss:1  | Lost mutation: You are agile. (Dex +4, Str/Int -1) [potion
                  | of mutation]
 19549 | Abyss:1  | Reached skill level 16 in Long Blades
 19868 | Abyss:1  | HP: 7/144 [starcursed mass/accursed screaming (5)]
 19871 | Abyss:1  | HP: 2/144 [starcursed mass/accursed screaming (6)]
 19872 | Abyss:1  | Killed from afar by a starcursed mass

Illustrated notes

Levels and vault maps discovered:
D:1:      ldierk_walled_garden, layout_loops_corners, st_stairs_8
D:2:      layout_basic, serial_corexii_hall, corexii_hall_statues_x,
          chequers_hall_statues_wall_a, corexii_hall_statues_s, uniq_jessica
D:3:      layout_loops_ring, uniq_ijyb, uniq_robin, uniq_crazy_yiuf_cottage
D:4:      layout_loops_ring, mainiacjoe_overflow_catwalk, minivault_19,
          kennysheep_generic_room_6, uniq_sigmund
D:5:      layout_gridville, amcnicky_altar_gilded, minmay_temple_entry_fiery,
          uniq_edmund, uniq_blork_the_orc
D:6:      layout_layer_cave, kennysheep_mini,
          mainiacjoe_overflow_small_starburst, nicolae_ossuary_entry_catacombs
D:7:      layout_basic, nicolae_uskayaw_dance_hall, jmf_multi_god_temple,
          hangedman_abyss_or_decor_stabs, sword_in_stone, uniq_menkaure
D:8:      layout_basic, gammafunk_temple_overflow_statue,
          grunt_decor_resistance, hangedman_decor_riveting, uniq_psyche
D:9:      layout_loops_ring, mainiacjoe_overflow_chevrons, orc_0_dummy,
          uniq_maggie
D:10:     layout_small_grid, nicolae_shop_i_like_big_books,
          chequers_hall_statues_wall_a, uniq_snorg, uniq_harold
D:11:     layout_cross, due_lair_maze_entry_diamond
D:12:     layout_irregular_city, chequers_serial_rivers_room_b,
          okawaru_metal_pillars_1_2
D:13:     layout_gridville, grunt_vaults_entry_fortified
Temple:   nicolae_temple_godzebo
Lair:1:   layout_gridlike, eino_small_chamber_without_monster,
          chequers_serial_rivers_room_b, st_stairs_6, infiniplex_staircase_pool,
          serial_bayou_shore_b, serial_bayou_shore_b, uniq_fannar
Lair:2:   layout_layer_cave, serial_bayou_shore_a, grunt_megastairs_3,
          uniq_gastronok
Lair:3:   layout_roguey, minmay_swamp_entry_reptiles,
          nicolae_snake_entry_warm_welcome, lemuel_fruit_tree
Lair:4:   layout_loops_ring, grunt_megastairs_4, infiniplex_staircase_pool_2,
          uniq_josephine
Lair:5:   grunt_lair_end_beastmaster, layout_small_grid,
          minmay_slime_entry_oklob_enclosed, pdpol_lair_neglected_garden,
          kilobyte_rumbling_trees, uniq_kirke
Orc:1:    layout_caves, minmay_orc_temple_b
Orc:2:    st_orc_elflike, layout_diamond_mine
Abyss:1:  base: D:6, hangedman_abyss_shoalhut, base:
D:15

Skill      XL: |  1  2  3  4  5  6  7  8  9 10 11 12 13 14 |
---------------+-------------------------------------------+-----
Fighting       | 4 5 |  5.0
Shields        | 4 5 10 | 10.0
Throwing       | 2 4 6 |  6.0
Evocations     | 2 3 |  3.7
Dodging        | 4 6 |  6.0
Short Blades   | 6 9 10 13 | 13.9
Armour         | 7 10 | 10.0
Invocations    | 2 10 | 10.0
Long Blades    | 6 14 16 | 16.2

Action                     |  1- 3 |  4- 6 |  7- 9 | 10-12 | 13-15 || total
---------------------------+-------+-------+-------+-------+-------++-------
  Melee: Long sword        |    46 |       |    40 |       |       ||    86
         Headbutt          |    11 |    25 |    75 |   115 |    64 ||   290
         Short sword       |    29 |   165 |   274 |   120 |       ||   588
         Rapier            |       |       |       |   299 |    22 ||   321
         Great sword       |       |       |       |    36 |   190 ||   226
         Triple sword      |       |       |       |       |    82 ||    82
 Invoke: Recall Undead Har |       |       |       |     3 |     6 ||     9
         Dark Bargain      |       |       |       |     1 |       ||     1
         Bind Soul         |       |       |       |       |     1 ||     1
  Evoke: Wand              |       |     2 |     2 |     6 |    22 ||    32
    Use: Scroll            |       |     7 |     7 |     9 |     9 ||    32
         Potion            |       |     1 |       |     4 |    10 ||    15
   Stab: Distracted        |       |       |     1 |     4 |     7 ||    12
         Paralysed         |       |       |       |       |     2 ||     2
 Armour: Scale mail        |     7 |       |       |       |       ||     7
         Chain mail        |    31 |    75 |   138 |   171 |   308 ||   723
         Skin              |       |       |       |       |     3 ||     3
  Dodge: Dodged            |    19 |    23 |    97 |   110 |   229 ||   478
  Block: Buckler           |    20 |    65 |   166 |    11 |       ||   262
         Reflection        |       |     2 |     6 |    40 |     2 ||    50
         Kite shield       |       |       |       |   318 |       ||   318
         Other             |       |       |       |    11 |    67 ||    78
